Match 46358913
Unlisted

Match 46358913
End
Kradschützen Motorcycle Team
Panzergrenadier Squad
Selects Italian Infantry
Panzergrenadier Squad
Construct Light Support Kompanie
Kradschützen Motorcycle Team
Fire Support Elements
Assault Grenadier Squad
Selects Defensive Operations
Flakvierling Half-track
2.5-tonne Medical Truck
Panzerjäger Mechanized Group
Vehicle Survival Package
Selects Guastatori Squad
Pak 38 Anti-tank Gun Team
Combat Half-tracks
Construct Panzerarmee Kommand
MG34 Team
Selects Prepared Positions
Selects Propaganda War
Selects Registered Artillery
Walking Stuka Rocket Launcher
MG34 Team
Panzer III L Medium Tank
Tungsten Core Ammunition
Walking Stuka Rocket Launcher
Construct Panzerarmee Kommand
Armored Reserves
Panzer III L Medium Tank
Panzer III L Medium Tank
Assault Grenadier Squad
Propaganda War
F8
Brick_man
0
0

Comments sign in to comment!

No comments posted yet!